 Dungeon Crawl Stone Soup version bcrawl-1.14 (webtiles) character file.

Game seed: 4796031730538525489

7617 MisterOstroum the Arsonist (level 11, -2/71 HPs)
             Began as a Fairy Wizard on Sept 11, 2019.
             Was an Elder of Vehumet.
             Slain by a crocodile (13 damage)
             ... on level 7 of the Dungeon.
             The game lasted 00:38:22 (12628 turns).

MisterOstroum the Arsonist (Fairy Wizard)          Turns: 12628, Time: 00:38:23

Health: -2/71      AC:  7    Str:  5    XL:     11   Next: 18%
Magic:  25/25      EV: 18    Int: 25    God:    Vehumet [****..]
Gold:   724        SH:  6    Dex: 11    Spells: 8/27 levels left

rFire    . . .     SeeInvis +   y - +2 dagger (venom)
rCold    . . .     Gourm    .   (shield restricted)
rNeg     . . .     Faith    +   (armour unavailable)
rPois    .         Spirit   .   b - +0 hat
rElec    .         Reflect  .   C - scarf {cloud immunity}
rCorr    .         Harm     .   v - +0 pair of gloves
MR       +....                  (no boots)
Stlth    +.........             z - amulet of faith
HPRegen  0.21/turn              f - ring of see invisible
MPRegen  0.19/turn              (no ring)

@: lethally poisoned (-2 -> -6), flying evasively
A: small, magic attunement, unstealthy, unfitting armour, able to fly, AC/SH +6
a: Stop Flying, Renounce Religion


You were on level 7 of the Dungeon.
You worshipped Vehumet.
Vehumet was greatly pleased with you.
You were not hungry.

You visited 2 branches of the dungeon, and saw 10 of its levels.
You also visited: Sewer.

You collected 724 gold pieces.

Inventory:

Hand Weapons
 a - a +0 staff
 y - a +2 dagger of venom (weapon)
 D - a +0 dagger of chaos
 P - a +1 demon whip of venom
Missiles
 d - 2304 stones (quivered)
 A - 190 tomahawks
 R - 581 arrows
Armour
 b - a +0 hat (worn)
 v - a +0 pair of gloves (worn)
 C - a scarf of cloud immunity (worn)
Jewellery
 f - a ring of see invisible (left hand)
 z - an amulet of faith (around neck)
Wands
 g - a wand of flame (14)
 w - a wand of scattershot (3)
 x - a wand of polymorph (20)
 B - a wand of random effects (5)
 G - a wand of iceblast (13)
 I - a wand of digging (9)
 K - a wand of acid (5)
Scrolls
 h - 5 scrolls of teleportation {@r3 !r}
 k - a scroll of enchant weapon {unknown}
 m - a scroll of fear {!r}
 q - 3 scrolls of fog
 r - 4 scrolls of noise
 u - a scroll of identify {@r1}
 J - a scroll of remove curse {unknown}
 L - 2 scrolls of enchant armour {unknown}
 M - a scroll of amnesia {unknown}
 O - a scroll of blinking {unknown}
Potions
 c - a potion of invisibility {unknown}
 i - 2 potions of heal wounds {unknown}
 j - a potion of curing {unknown}
 l - 2 potions of haste {@q4 !q}
 n - 6 potions of flight
 o - a potion of resistance
 p - 2 potions of degeneration
 s - 3 potions of might {@q3 !q}
 t - a potion of magic
 E - a potion of cancellation {unknown}
 F - a potion of ambrosia
 H - a potion of brilliance {unknown}
Comestibles
 e - 21 rations {!d}
 N - 8 chunks of flesh


   Skills:
 - Level 5.0 Fighting
 - Level 5.1 Dodging
 - Level 1.6 Stealth
 + Level 8.6 Spellcasting
 + Level 9.2 Conjurations
 - Level 3.2 Hexes
 - Level 4.6 Summonings
 - Level 3.0 Translocations
 + Level 9.3 Fire Magic
 - Level 5.1 Ice Magic
 - Level 2.6 Air Magic
 - Level 2.6 Poison Magic
 - Level 3.2 Evocations


You had 8 spell levels left.
You knew the following spells:

 Your Spells              Type           Power        Failure   Level  Hunger
a - Magic Dart            Conj           ####         1%          1    None
b - Call Imp              Summ           ####....     1%          2    None
c - Mephitic Cloud        Conj/Pois/Air  #####...     1%          3    None
d - Slow                  Hex            ####....     1%          1    None
e - Throw Frost           Conj/Ice       #####.       1%          2    None
f - Sticks to Snakes      Tmut           ##......     9%          2    None
g - Bolt of Fire          Conj/Fire      ######....   5%          6    None
B - Blink                 Tloc           N/A          2%          2    None

Your spell library contained the following spells:

 Spells                   Type           Power        Failure   Level  Hunger
 Yara's Violent Unravell  Hex/Tmut       ###.......   8%          4    None
 Apportation              Tloc           ####..       1%          1    None
 Freeze                   Ice            #####.       1%          1    None
 Summon Butterflies       Summ           ####....     1%          1    None
 Conjure Flame            Conj/Fire      ######..     1%          3    None
 Throw Icicle             Conj/Ice       #####...     1%          4    None
 Beckoning                Tloc           ####......   4%          3    None
 Tukima's Dance           Hex            ####....     4%          3    None
 Beastly Appendage        Tmut           ##....       6%          1    None
 Ozocubu's Armour         Chrm/Ice       ###.....     6%          3    None
 Summon Ice Beast         Ice/Summ       #####...     8%          4    None
 Spider Form              Tmut/Pois      ###          10%         3    None
 Cause Fear               Hex            ####......   16%         4    None
 Ice Form                 Ice/Tmut       ###.....     21%         4    None
 Alistair's Intoxication  Tmut/Pois      ###.....     67%         5    None
 Blade Hands              Tmut           ##........   85%         5    None
 Invisibility             Hex            ####....     93%         6    None
 Dragon Form              Tmut           ##.....      100%        7    None
 Dragon's Call            Summ           ####......   100%        9    None
 Fire Storm               Conj/Fire      ######....   100%        9    None


Dungeon Overview and Level Annotations

Branches:
Dungeon (9/12)             Temple (0/1) D:5            Lair (1/6) D:7
    Orc (0/1) D:8

Altars:
Cheibriados
Dithmenos
Elyvilon
Gozag
Makhleb
Okawaru
Vehumet
Wu Jian
Xom

Shops:
D:5 :   D:9 [

Annotations:
D:6 1 runed door


Innate Abilities, Weirdness & Mutations

Your spells do not cause hunger and MP costs are reduced by 1.
Your bright wings attract enemies. (Stealth-)
You cannot fit into any form of body armour.
Your shimmering scales are hard and can block incoming attacks. (AC +6, SH +6)
You are small and have problems with some larger weapons.
You can fly continuously.


Message History

Aim: a yak (moderately wounded)
The ball explodes into a vile cloud!
The stinking cloud engulfs the yak.
The yak is moderately wounded.
The stinking cloud engulfs you!
You hear a bellow! x2
The yak is engulfed in noxious fumes.
The yak appears confused.
Casting: Mephitic Cloud (safe; 1% risk of failure)
Confirm with . or Enter, or press ? or * to list all spells.
Aiming: Magic Dart (safe; 1% risk of failure)
Press: ? - help, Shift-Dir - straight line, f/p - yak
Aim: a yak (noxious fumes, heavily wounded, confused)
The magic dart hits the yak.
The yak is heavily wounded.
The yak is engulfed in noxious fumes.
Casting: Magic Dart (safe; 1% risk of failure)
Confirm with . or Enter, or press ? or * to list all spells.
Aiming: Magic Dart (safe; 1% risk of failure)
Press: ? - help, Shift-Dir - straight line, f/p - yak
Aim: a yak (heavily wounded, confused)
The magic dart hits the yak.
The yak is heavily wounded.
Casting: Magic Dart (safe; 1% risk of failure)
Confirm with . or Enter, or press ? or * to list all spells.
Aiming: Mephitic Cloud (safe; 1% risk of failure)
Press: ? - help, Shift-Dir - straight line, f - black mamba, p - yak
Aim: a black mamba The ball explodes into a vile cloud!
The stinking cloud engulfs the black mamba.
The black mamba appears unharmed.
The stinking cloud engulfs the yak.
You hear a bellow! x2
The yak is engulfed in noxious fumes.
The yak appears confused.
Casting: Mephitic Cloud (safe; 1% risk of failure)
Confirm with . or Enter, or press ? or * to list all spells.
Aiming: Magic Dart (safe; 1% risk of failure)
Press: ? - help, Shift-Dir - straight line, f/p - black mamba
Aim: a black mamba (noxious fumes)
The magic dart hits the black mamba.
The black mamba is lightly wounded.
The black mamba closely misses you.
Casting: Magic Dart (safe; 1% risk of failure)
Confirm with . or Enter, or press ? or * to list all spells.
Aiming: Magic Dart (safe; 1% risk of failure)
Press: ? - help, Shift-Dir - straight line, f/p - black mamba
Aim: a black mamba (noxious fumes, lightly wounded)
The magic dart hits the black mamba.
The black mamba is lightly wounded.
The black mamba bites you.
You are poisoned.
The black mamba poisons you!
The black mamba bites you but does no damage.
The yak is engulfed in noxious fumes.
The yak appears confused.
The yak misses you.
The yak is engulfed in noxious fumes.
The yak appears confused.
You feel sick.
A crocodile comes into view.
The yak is engulfed in noxious fumes.
The black mamba bites you!
The yak is engulfed in noxious fumes.
The yak appears confused.
Casting: Magic Dart (safe; 1% risk of failure)
Confirm with . or Enter, or press ? or * to list all spells.
Aiming: Mephitic Cloud (safe; 1% risk of failure)
Press: ? - help, Shift-Dir - straight line, p - black mamba The ball explodes into a vile cloud!
The stinking cloud engulfs you!
The stinking cloud engulfs the yak.
The yak is heavily wounded.
The stinking cloud engulfs the black mamba.
The black mamba appears unharmed.
The black mamba is lightly wounded.
You feel sick. The black mamba bites you!
The yak is engulfed in noxious fumes.
The yak appears confused.
You block the black mamba's attack.
The yak is engulfed in noxious fumes.
The yak appears confused.
You feel sick.
The yak gores the yak.
The yak is engulfed in noxious fumes.
You block the black mamba's attack.
You feel sick.
The yak is engulfed in noxious fumes.
The yak appears confused.
The black mamba closely misses you.
You feel sick.
The yak is engulfed in noxious fumes.
The yak appears confused.
The yak barely misses the yak.
The yak is engulfed in noxious fumes.
The yak appears confused.
The yak gores the yak.
You feel sick.
The yak is engulfed in noxious fumes.
The black mamba completely misses you.
The yak is engulfed in noxious fumes.
The yak appears confused.
You feel sick.
The yak is engulfed in noxious fumes.
The crocodile bites you! The black mamba misses you.
There is a staircase back to the Dungeon here.
You feel sick. The black mamba misses you. You block the crocodile's attack.
The yak gores something!
Something gores the yak.
The black mamba barely misses you.
You fly upwards.
Welcome back to the Dungeon!
You feel sick.
There is a staircase to the Lair here.
Unknown command.
Casting: Mephitic Cloud (safe; 1% risk of failure)
Confirm with . or Enter, or press ? or * to list all spells.
A beastly little devil appears in a puff of flame.
You feel sick. The black mamba bites you!
* * * LOW HITPOINT WARNING * * *
The crocodile misses you.
The black mamba bites you but does no damage.
Unknown command.
It was a potion of magic.
Magic courses through your body.
You feel sick. The crocodile bites you!
You die...

#...............................
#.........^.##..#..#.........#.<
#...........##...#..........##..
##.........###.............###.#
##...#...## ##......##...#....#
###############....####...####
#..........#.....##
#.......#....###.#####
#...t@5...#### #......
#....S..### ####... #.......#
#.... #.......# #.... #.......#
#.... #.......# #.... #.......#
#.... #.......# #.... #########
##...


You could see a black mamba, a crocodile and a friendly crimson imp.

Vanquished Creatures
  A hydra (D:9)
  A cyclops (D:9)
  Joseph (D:7)
  3 trolls
  A queen bee (D:8)
  2 hippogriffs
  2 hungry ghosts
  3 yaks (D:9)
  Menkaure (D:5)
  A warg (D:8)
  4 orc warriors
  2 sky beasts
  2 ice beasts
  A phantom (D:5)
  8 ogres
  A centaur (D:9)
  3 bullfrogs
  A crocodile (D:7)
  A water moccasin zombie (D:5)
  Dowan (D:6)
  A wyvern skeleton (D:7)
  2 scorpions
  13 killer bees
  4 wights (D:6)
  A howler monkey (D:9)
  2 crimson imps
  3 hounds
  A jelly (D:8)
  5 orc wizards
  A bullfrog skeleton (D:9)
  4 orc priests
  Crazy Yiuf (D:7)
  3 iguanas
  Ijyb (D:3)
  8 worker ants
  A howler monkey zombie (D:5)
  7 gnolls
  8 adders
  4 oozes (Sewer)
  8 worms
  An adder skeleton (D:4)
  A leopard gecko (D:6)
  33 orcs
  12 bats
  8 giant cockroaches
  6 goblins
  5 hobgoblins
  13 jackals
  2 quokkas
  2 ball pythons (D:3)
  2 kobolds
  3 rats (D:2)
206 creatures vanquished.

Vanquished Creatures (collateral kills)
  Duvessa (D:6)
  A water moccasin (D:5)
  A phantom (D:9)
  2 killer bees (D:8)
  A wight (D:6)
  A crimson imp (D:5)
  A hound (D:7)
  An orc priest (D:7)
  An iguana (D:7)
  A centaur skeleton (D:2)
  4 worker ants (D:6)
  A howler monkey zombie (D:5)
  2 adders
  An ooze (Sewer)
  A worm (Sewer)
  2 leopard geckos (Sewer)
  An orc (D:8)
  A giant cockroach (D:6)
  A ball python (Sewer)
25 creatures vanquished.

Grand Total: 231 creatures vanquished

Notes
Turn   | Place    | Note
-------+----------+-------------------------------------------
     0 | D:1      | MisterOstroum the Fairy Wizard began the quest for the Orb.
     0 | D:1      | Reached XP level 1. HP: 11/11 MP: 7/7
   608 | D:1      | Reached XP level 2. HP: 17/17 MP: 9/9
   967 | D:2      | Learned a level 2 spell: Call Imp
  1052 | D:2      | Reached XP level 3. HP: 21/21 MP: 10/10
  1653 | D:3      | Noticed an ogre
  1668 | D:3      | Killed an ogre
  1668 | D:3      | Reached XP level 4. HP: 26/27 MP: 12/12
  1668 | D:3      | Reached XP level 5. HP: 30/31 MP: 13/13
  1679 | D:3      | Found a glowing drain.
  1705 | Sewer    | Entered a sewer
  1861 | Sewer    | Learned a level 3 spell: Mephitic Cloud
  2625 | D:3      | Noticed Ijyb
  2645 | D:3      | Killed Ijyb
  2645 | D:3      | Reached skill level 1 in Air Magic
  2841 | D:3      | Reached skill level 1 in Poison Magic
  2841 | D:3      | Reached XP level 6. HP: 36/36 MP: 14/14
  2909 | D:3      | Reached skill level 5 in Conjurations
  2986 | D:3      | Learned a level 1 spell: Slow
  2989 | D:3      | Learned a level 2 spell: Blink
  3084 | D:4      | Learned a level 2 spell: Sticks to Snakes
  4474 | D:4      | Found a snail-covered altar of Cheibriados.
  4482 | D:4      | Found a shadowy altar of Dithmenos.
  4482 | D:4      | Found a white marble altar of Elyvilon.
  4485 | D:4      | Found an opulent altar of Gozag.
  4487 | D:4      | Found a radiant altar of Vehumet.
  4490 | D:4      | Became a worshipper of Vehumet
  4552 | D:5      | Entered Level 5 of the Dungeon
  4565 | D:5      | Found Subymosch's Book Boutique.
  4622 | D:5      | Noticed Menkaure
  4639 | D:5      | Killed Menkaure
  4639 | D:5      | Reached skill level 1 in Evocations
  4639 | D:5      | Reached XP level 7. HP: 11/42 MP: 15/15
  4849 | D:5      | Reached skill level 1 in Fighting
  4849 | D:5      | Reached skill level 1 in Hexes
  4961 | D:5      | Found a staircase to the Ecumenical Temple.
  5205 | D:5      | Reached XP level 8. HP: 50/50 MP: 16/16
  5286 | D:5      | Found a burning altar of Makhleb.
  5286 | D:5      | Found a shimmering altar of Xom.
  5946 | D:6      | Found a runed door.
  5999 | D:6      | Found a runed door.
  6008 | D:6      | Noticed Dowan
  6009 | D:6      | Noticed Duvessa
  6021 | D:6      | Killed Duvessa
  6044 | D:6      | Killed Dowan
  6044 | D:6      | Reached * piety under Vehumet
  6044 | D:6      | Offered knowledge of Shock by Vehumet.
  6143 | D:6      | Reached skill level 5 in Spellcasting
  6313 | D:6      | Noticed a troll
  6675 | D:6      | Found an iron altar of Okawaru.
  6947 | D:6      | Reached skill level 5 in Fighting
  6947 | D:6      | Reached XP level 9. HP: 60/61 MP: 18/18
  7233 | D:6      | Reached skill level 5 in Dodging
  7314 | D:7      | Learned a level 6 spell: Bolt of Fire
  7340 | D:7      | Reached ** piety under Vehumet
  7340 | D:7      | Reached skill level 1 in Fire Magic
  7359 | D:7      | Offered knowledge of Throw Frost by Vehumet.
  7588 | D:7      | Found a runed door.
  7642 | D:7      | Found a staircase to the Lair.
  7706 | D:7      | Noticed Joseph
  7723 | D:7      | Killed Joseph
  7728 | D:7      | Learned a level 2 spell: Throw Frost
  7887 | D:7      | Noticed Crazy Yiuf
  7895 | D:7      | Killed Crazy Yiuf
  8092 | D:8      | Offered knowledge of Searing Ray by Vehumet.
  8558 | D:8      | Reached *** piety under Vehumet
  8564 | D:8      | Reached skill level 1 in Ice Magic
  8886 | D:8      | Reached skill level 5 in Fire Magic
  9029 | D:8      | Reached XP level 10. HP: 57/66 MP: 6/21
  9124 | D:8      | Offered knowledge of Stone Arrow by Vehumet.
  9169 | D:8      | Found a staircase to the Orcish Mines.
  9702 | D:8      | Found an ornate altar of the Wu Jian Council.
 10080 | D:9      | Found Fylid's Armour Boutique.
 10169 | D:8      | Reached skill level 5 in Ice Magic
 10926 | D:9      | Reached **** piety under Vehumet
 11044 | D:9      | Noticed a seven-headed hydra
 11381 | D:9      | Offered knowledge of Yara's Violent Unravelling by Vehumet.
 11653 | D:9      | Noticed a cyclops
 12137 | D:9      | Killed a seven-headed hydra
 12137 | D:9      | Reached XP level 11. HP: 71/71 MP: 16/25
 12205 | D:9      | Killed a cyclops
 12600 | Lair:1   | Entered Level 1 of the Lair of Beasts
 12628 | D:7      | Slain by a crocodile

Skill      XL: |  1  2  3  4  5  6  7  8  9 10 |
---------------+-------------------------------+-----
Conjurations   | 2 3 4 5 6 9 |  9.2
Summonings     | 3 4 |  4.6
Air Magic      | 1 2 |  2.6
Poison Magic   | 1 2 |  2.6
Evocations     | 1 2 3 |  3.2
Fighting       | 2 5 |  5.0
Hexes          | 2 3 |  3.2
Translocations | 2 3 |  3.0
Spellcasting   | 5 6 8 |  8.6
Dodging        | 5 |  5.1
Fire Magic     | 5 9 |  9.3
Ice Magic      | 3 5 |  5.1
Stealth        | |  1.6

Action                   |  1- 3 |  4- 6 |  7- 9 | 10-12 || total
-------------------------+-------+-------+-------+-------++-------
Melee: Staff             |       |     3 |       |       ||     3
       Dagger            |       |    36 |   151 |    11 ||   198
Throw: Stone             |       |       |     1 |       ||     1
 Cast: Magic Dart        |    74 |   129 |   206 |    91 ||   500
       Call Imp          |     2 |     9 |    33 |     6 ||    50
       Mephitic Cloud    |       |     4 |    37 |    23 ||    64
       Slow              |       |     3 |    15 |     1 ||    19
       Blink             |       |     1 |     1 |     2 ||     4
       Throw Frost       |       |       |    54 |    35 ||    89
       Bolt of Fire      |       |       |     2 |    33 ||    35
       Sticks to Snakes  |       |       |       |     1 ||     1
Evoke: Wand              |       |       |     1 |       ||     1
  Use: Scroll            |       |       |     9 |       ||     9
       Potion            |       |       |     3 |     1 ||     4
 Stab: Distracted        |       |     1 |     2 |       ||     3
       Petrified         |       |       |     8 |       ||     8
       Confused          |       |       |     3 |       ||     3
       Paralysed         |       |       |     1 |       ||     1
  Eat: Chunk             |     2 |     5 |    12 |     6 ||    25
       Ration            |       |     1 |     2 |     1 ||     4
Armor: Skin              |     1 |    16 |    32 |    13 ||    62
Dodge: Dodged            |    10 |    71 |   168 |    62 ||   311
Block: Other             |     2 |    22 |    65 |    32 ||   121
